 Dungeon Crawl Stone Soup version 0.31.0-1-g2c135a008e (webtiles) character file.

Game seed: 3250731551891113456

58412330 iamserjio the Slayer (level 27, 221/221 HPs)
             Began as an Octopode Shapeshifter on Jan 20, 2024.
             Was the Champion of Cheibriados.
             Escaped with the Orb
             ... and 15 runes
             ... and 9 gems!
             The game lasted 06:42:54 (25071 turns).

iamserjio the Slayer (Octopode Shapeshifter)       Turns: 25071, Time: 06:42:54

Health: 221/221    AC: 37    Str: 35    XL:     27
Magic:  31/41      EV: 45    Int: 40    God:    Cheibriados [******]
Gold:   1615       SH: 21    Dex: 34    Spells: 2/54 levels left

rFire   + +          +
                       - Unarmed
rCold   + . .        d - +5 kite shield
rNeg    + + +        e - +1 hat of the Hammering Gods {+Blink rF+ rN+}
rPois   ∞            g - amulet of regeneration
rElec   +            W - +5 ring of evasion
rCorr   .            o - +6 ring of dexterity
SInv    .            A - +5 ring of evasion
Will    +++..        R - ring of positive energy
Stlth   ++++         Q - ring "Acwar" {rF+ rC+}
HPRegen 1.36/turn    N - ring "Ziafaidd" {rF+ Str+6 Int+3}
MPRegen 0.27/turn    q - ring of the Tortoise {AC+8}
                     w - ring "Issunlin" {Fly Will+}

%: no passive effects
@: statue-form, flying, very slow
A: slow and powerful, torment resistance 1, boosted hp, almost no armour,
amphibious, 8 rings, camouflage 1, (gelatinous body 1), (nimble swimmer 1),
tentacles, deterioration 1, dopey 1, inability to drink after injury 1,
devolution 1
0: Orb of Zot
}: 15/15 runes: decaying, serpentine, slimy, silver, golden, iron, obsidian,
icy, bone, abyssal, demonic, glowing, magical, fiery, dark
a: Begin Untransformation, Renounce Religion, Evoke Blink, Bend Time, Temporal
Distortion, Slouch, Step From Time


You escaped.
You worshipped Cheibriados.
Cheibriados was exalted by your worship.
You were a living statue of rough stone.
You visited 17 branches of the dungeon, and saw 86 of its levels.
You visited Pandemonium 2 times, and saw 10 of its levels.
You visited the Abyss 2 times.
You visited 2 bazaars.
You visited 2 ziggurats, and saw 9 of their levels (deepest: 8).
You also visited: Gauntlet and Ice Cave.

You collected 6835 gold pieces.
You spent 5220 gold pieces at shops.

Inventory:

Hand Weapons
 i - a +0 trident of distortion
 z - the +3 short sword "Wylajid" {spect, rCorr}
   (You found it on level 2 of the Depths)

   rCorr:     It protects you from acid and corrosion.
Armour
 b - a +2 hat of willpower
 d - a +5 kite shield (worn)
 e - the +1 hat of the Hammering Gods (worn) {+Blink rF+ rN+}
   (You acquired it on level 3 of the Tomb of the Ancients)

   rF+:       It protects you from fire.
   rN+:       It protects you from negative energy.
   +Blink:    It lets you blink.
 M - the +3 hat of Pondering {ponderous, Will+ MP+10 Int+5}
   (You found it on level 3 of the Elven Halls)

   Int+5:     It affects your intelligence (+5).
   Will+:     It increases your willpower.
   MP+10:     It affects your magic capacity (+10).
Magical Staves
 D - the staff of Fee Simple {rC+ rN+ Will- Str+3 Necro}
   (You found it on level 3 of the Crypt)

   [staff of death]

   Base accuracy: +5 Base damage: 5 Base attack delay: 1.2 This weapon's minimum
   attack delay (0.6) is reached at skill level 12.
   Str+3:     It affects your strength (+3).
   rC+:       It protects you from cold.
   rN+:       It protects you from negative energy.
   Will-:     It decreases your willpower.
   Necro:     It increases the power of your Necromancy spells.
   It falls into the 'Staves' category.
   It is a one-tentacled weapon.
 Z - a staff of earth
Jewellery
 a - the ring "Kanaz" {Str+3 SInv}
   (You found it on level 3 of a ziggurat)

   [ring of see invisible]

   Str+3:     It affects your strength (+3).
   SInv:      It lets you see invisible.
 g - an amulet of regeneration (around mantle)
 h - a ring of resist corrosion
 l - the ring of Twilight {Fire Str+4 Int+3 Slay+3}
   (You found it on level 2 of the Snake Pit)

   [ring of fire]

   Fire:      It enhances your fire magic.
   Str+4:     It affects your strength (+4).
   Int+3:     It affects your intelligence (+3).
   Slay+3:    It affects your accuracy & damage with ranged weapons and melee
   (+3).
   rF+:       It protects you from fire.
   rC-:       It makes you vulnerable to cold.
 o - a +6 ring of dexterity (right tentacle)
 p - a ring of protection from cold
 q - the ring of the Tortoise (on tentacle) {AC+8}
   (You found it on level 5 of the Pits of Slime)

   [ring of protection]

   AC+8:      It affects your AC (+8).
 v - a ring of wizardry
 w - the ring "Issunlin" (on tentacle) {Fly Will+}
   (You found it on level 7 of Gehenna)

   [ring of flight]

   Will+:     It increases your willpower.
   Fly:       It grants you flight.
 A - a +5 ring of evasion (on tentacle)
 H - a ring of willpower
 L - an amulet of magic regeneration
 N - the ring "Ziafaidd" (on tentacle) {rF+ Str+6 Int+3}
   (You took it off an ogre mage on level 5 of the Vaults)

   [ring of strength]

   Str+6:     It affects your strength (+6).
   Int+3:     It affects your intelligence (+3).
   rF+:       It protects you from fire.
 Q - the ring "Acwar" (on tentacle) {rF+ rC+}
   (You found it in an ice cave)

   [ring of protection from cold]

   rF+:       It protects you from fire.
   rC+:       It protects you from cold.
 R - a ring of positive energy (on tentacle)
 W - a +5 ring of evasion (left tentacle)
Talismans
 F - a granite talisman (active)
Wands
 c - a wand of light (11)
 B - a wand of paralysis (35)
 I - a wand of digging (8) {@v3}
 U - a wand of iceblast (21) {@v2}
Scrolls
 n - a scroll of silence
 r - a scroll of blinking {@r4}
 s - a scroll of summoning
 t - 4 scrolls of teleportation {@r3}
 J - 6 scrolls of fear
Potions
 j - 6 potions of attraction
 m - 7 potions of resistance {@q5}
 C - 2 potions of magic
 P - 12 potions of curing {@q1}
 S - 4 potions of enlightenment
 T - 4 potions of heal wounds {@q2}
 V - 3 potions of lignification
Miscellaneous
 f - a sack of spiders
 k - a phantom mirror
 u - a lightning rod (4/4)
 G - the horn of Geryon


   Skills:
 - Level 24.0 Fighting
 - Level 17.8 Dodging
 - Level 21.7 Stealth
 - Level 11.0 Shields
 - Level 22.0 Unarmed Combat
 - Level 14.0 Spellcasting
 - Level 7.2 Conjurations
 - Level 16.0 Summonings
 - Level 20.0 Necromancy
 - Level 9.0 Translocations
 - Level 5.0 Ice Magic
 - Level 4.0 Air Magic
 - Level 14.5 Earth Magic
 - Level 1.0 Alchemy
 - Level 14.0 Invocations
 * Level 19.0 Evocations
 + Level 17.3 Shapeshifting


You had 2 spell levels left.
You knew the following spells:

 Your Spells              Type           Power      Damage    Failure   Level
a - Passwall              Erth           98%        N/A       0%          3
b - Blink                 Tloc           100%       N/A       1%          2
c - Static Discharge      Conj/Air       100%       3-8/arc   1%          2
d - Ozocubu's Armour      Ice            61%        N/A       1%          3
e - Passage of Golubria   Tloc           79%        N/A       1%          4
f - Bombard               Conj/Erth      43%        9d7       3%          6
g - Malign Gateway        Summ/Tloc      45%        N/A       9%          7
h - Apportation           Tloc           100%       N/A       1%          1
i - Borgnjor's Vile Clut  Necr/Erth      52%        N/A       1%          5
j - Vhi's Electric Charg  Tloc/Air       100%       N/A       1%          4
k - Spellforged Servitor  Conj/Summ      44%        N/A       12%         7
l - Borgnjor's Revivific  Necr           56%        N/A       3%          8

Your spell library contained the following spells:

 Spells                   Type           Power      Damage    Failure   Level
 Sandblast                Erth           100%       2d20      0%          1
 Summon Small Mammal      Summ           100%       N/A       0%          1
 Call Imp                 Summ           100%       N/A       0%          2
 Freeze                   Ice            100%       1d10      1%          1
 Magic Dart               Conj           100%       1d8       1%          1
 Ensorcelled Hibernation  Hex/Ice        96%        N/A       1%          2
 Mercury Vapours          Alch/Air       96%        N/A       1%          2
 Searing Ray              Conj           100%       2d8       1%          2
 Jinxbite                 Hex            56%        N/A       2%          2
 Call Canine Familiar     Summ           100%       N/A       0%          3
 Fugue of the Fallen      Necr           100%       N/A       0%          3
 Animate Dead             Necr           100%       N/A       0%          4
 Curse of Agony           Necr           100%       N/A       0%          5
 Dazzling Flash           Conj/Hex       100%       N/A       1%          3
 Frozen Ramparts          Ice            100%       1d16      1%          3
 Gell's Gravitas          Tloc           79%        N/A       1%          3
 Hailstorm                Conj/Ice       67%        3d12      1%          3
 Mephitic Cloud           Conj/Alch/Air  57%        N/A       1%          3
 Stone Arrow              Conj/Erth      100%       3d13      1%          3
 Swiftness                Air            56%        N/A       1%          3
 Teleport Other           Tloc           79%        N/A       1%          3
 Volatile Blastmotes      Fire/Tloc      100%       2d18      1%          3
 Anguish                  Hex/Necr       41%        N/A       1%          4
 Brom's Barrelling Bould  Conj/Erth      86%        2d10      1%          4
 Iskenderun's Mystic Bla  Conj/Tloc      75%        2d15      1%          4
 Manifold Assault         Tloc           79%        N/A       1%          4
 Petrify                  Alch/Erth      74%        N/A       1%          4
 Summon Lightning Spire   Summ/Air       82%        N/A       1%          4
 Lee's Rapid Deconstruct  Erth           49%        3d23*     1%          5
 Death Channel            Necr           56%        N/A       1%          6
 Haunt                    Necr/Summ      53%        N/A       1%          7
 Dimensional Bullseye     Hex/Tloc       29%        N/A       2%          4
 Iskenderun's Battlesphe  Conj           72%        2d12      2%          5
 Flame Wave               Conj/Fire      54%        2d13      3%          4
 Fulminant Prism          Conj/Alch      28%        3d14      3%          4
 Inner Flame              Hex/Fire       28%        N/A       4%          3
 Sigil of Binding         Hex            28%        N/A       4%          3
 Tukima's Dance           Hex            28%        N/A       4%          3
 Arcjolt                  Conj/Air       32%        1d42      4%          5
 Freezing Cloud           Conj/Ice/Air   31%        6-21      5%          5
 Dispersal                Tloc           39%        N/A       6%          6
 Irradiate                Conj/Alch      28%        3d21      9%          5
 Fireball                 Conj/Fire      27%        3d12      11%         5
 Ignite Poison            Fire/Alch      32%        N/A       14%         4
 Summon Horrible Things   Summ           51%        N/A       16%         8
 Cause Fear               Hex            14%        N/A       17%         4
 Metabolic Englaciation   Hex/Ice        24%        N/A       17%         5
 Silence                  Hex/Air        22%        N/A       21%         5
 Conjure Ball Lightning   Conj/Air       32%        3x3d10    26%         6
 Alistair's Intoxication  Alch           24%        N/A       30%         5
 Yara's Violent Unravell  Hex/Alch       16%        3d8       36%         5
 Death's Door             Necr           56%        N/A       43%         9
 Starburst                Conj/Fire      27%        6d9       52%         6
 Sculpt Simulacrum        Ice/Alch       25%        N/A       58%         6
 Orb of Destruction       Conj           36%        9d11      58%         7
 Plasma Beam              Fire/Air       22%        2x1d34    75%         6
 Lehudib's Crystal Spear  Conj/Erth      43%        10d10     78%         8
 Eringya's Noxious Bog    Alch           18%        4d6       86%         6
 Dragon's Call            Summ           51%        N/A       94%         9
 Disjunction              Tloc           39%        N/A       95%         8
 Shatter                  Erth           49%        3d37*     99%         9
 Enfeeble                 Hex            14%        N/A       100%        7
 Ignition                 Fire           14%        3d6       100%        8
 Maxwell's Capacitive Co  Air            28%        ∞         100%        8
 Chain Lightning          Conj/Air       32%        3d42      100%        9
 Fire Storm               Conj/Fire      27%        8d7       100%        9
 Sublimation of Blood     Necr           Unusable   N/A       N/A         2
 Animate Armour           Summ/Erth      Unusable   N/A       N/A         4

Dungeon Overview and Level Annotations

Branches:
Dungeon (15/15)            Temple (0/1) D:6            Lair (5/5) D:9
  Swamp (4/4) Lair:2        Snake (4/4) Lair:3        Slime (5/5) Lair:4
    Orc (2/2) D:9             Elf (3/3) Orc:2        Vaults (5/5) D:14
  Crypt (3/3) Vaults:3       Tomb (3/3) Crypt:3      Depths (4/4) D:15
   Hell (visited)             Dis (7/7) Hell            Geh (7/7) Hell
    Coc (7/7) Hell            Tar (7/7) Hell            Zot (5/5) Depths:4
  IceCv (visited)         Gauntlet (visited)

Altars:
Ashenzari
Cheibriados
Fedhas
Hepliaklqana
Kikubaaqudgha
Makhleb
Trog
Wu Jian
Yredelemnul
Jiyva

Shops:
D:9 *   Orc:1 ?!   Orc:2 !*?=   Elf:1 *   Elf:2 ?   Vaults:2 !

Portals:
Hell: Lair:5 Depths:2 Depths:3
Abyss: Depths:2 Depths:3
Pandemonium: Depths:2
Trove: D:13 (give 5 potions of resistance)

Annotations:
D:8 Gastronok
D:10 1 exclusion
D:14 1 exclusion
Lair:2 1 exclusion
Lair:4 exclusion: downstairs
Lair:5 exclusion: oklob plant
Vaults:3 1 exclusion
Depths:3 1 exclusion
Dis:7 exclusion: the Serpent of Hell, Serpent of
Hell
Coc:7 Antaeus


Innate Abilities, Weirdness & Mutations

You are a living statue of rough stone.
Your actions are slow, but your melee attacks are powerful.
You are resistant to unholy torment.
Your maximum health is greatly increased.
You cannot wear most types of armour.
You are amphibious.
You can wear up to eight rings at the same time.
You are immune to poison.
Your skin changes colour to match your surroundings (Stealth+).
((Your rubbery body absorbs attacks. (AC +1, EV +1)))
((You are camouflaged when in or above water. (Stealth+)))
You have tentacles for arms and can constrict up to eight enemies at once.
Your body sometimes deteriorates upon taking damage.
You are dopey. (Int -2)
You occasionally lose the ability to drink potions when taking damage.
You have hidden genetic defects.


Message History

You fly upwards.
There is a stone staircase leading down here.
Casting: Passage of Golubria (safe; 1% risk of failure)
Aiming: Passage of Golubria (safe; 1% risk of failure)
Press: ? - help, Dir - move target You enter the passage of Golubria.
There is a passage of Golubria here.
Casting: Passage of Golubria (safe; 1% risk of failure)
Aiming: Passage of Golubria (safe; 1% risk of failure)
Press: ? - help, Dir - move target You enter the passage of Golubria.
You enter the passage of Golubria.
A small abomination comes into view.
Casting: Passage of Golubria (safe; 1% risk of failure)
Aiming: Passage of Golubria (safe; 1% risk of failure)
Press: ? - help, Dir - move target, f - you
Okay, then.
Unknown command.
A Jaiplasu and an ancient lich come into view.
You hear a chilling moan.
You block the small abomination's attack.
The small abomination completely misses you.
Blink to where?
Press: ? - help, Dir - move target
Okay, then.
Press: ? - help, v - describe, . - travel
Here: Jaiplasu, armed with a painful touch The floor.
Unknown command.
Blink to where?
Press: ? - help, Dir - move target
As you read the scroll of blinking {@r4}, it crumbles to dust.
Blink to where?
Press: ? - help, Dir - move target
As you read the scroll of blinking {@r4}, it crumbles to dust.
You hear a snapping sound.
Blink to where?
Press: ? - help, Dir - move target
As you read the scroll of blinking {@r4}, it crumbles to dust.
You have escaped!

# #.# #.# .# # #.#
#x## ..## # #.#
#..#### ##.... # #.#
#..&..####...# # #.#
#.#L≈.≈≈≈≈.#. . ...
...#§.L{....#. .#
..####..#''#..#.
#####..# ..
####&.####. #....)#
.
♣D♣8.♣S♣#.##.######
♣♣♣..♣♣♣#..>........
#### ############


You could see Jaiplasu and an ancient lich.

Vanquished Creatures
  Gloorx Vloq (Pan)
  Mnoleg (Pan)
  Lom Lobon (Pan)
  A seraph (Pan)
  2 dread liches
  Frederick (Vaults:3)
  Khufu (Tomb:3)
  3 ancient liches
  6 orbs of fire (Zot:5)
  Mennas (Vaults:5)
  2 juggernauts
  Xtahua (Vaults:5)
  Vv (Depths:2)
  9 royal mummies
  A pandemonium lord (Zig:8)
  Bai Suzhen (Swamp:4)
  24 shard shrikes
  5 curse toes
  16 caustic shrikes
  Vashnia (Snake:4)
  4 golden dragons
  Geryon (Hell)
  8 profane servitors
  Norris (Vaults:4)
  3 doom hounds
  9 Brimstone Fiends
  6 iron giants
  2 bone dragons
  An electric golem (Zot:5)
  5 hellephants
  9 Tzitzimimeh
  12 Hell Sentinels
  16 Ice Fiends
  12 tentacled monstrosities
  4 liches
  5 tainted leviathans
  Zenata (Elf:3)
  10 Orb Guardians (Zot:5)
  2 deep elf blademasters (Elf:3)
  18 titans
  A walking divine tome (Depths:2)
  5 deep elf master archers
  19 Executioners
  7 quicksilver dragons
  A walking frostbound tome (Depths:4)
  12 searing wretches
  Frances (D:13)
  2 death cobs (Zot:3)
  12 acid blobs
  9 sphinxes
  4 thorn hunters
  6 tentacled starspawn (Abyss:3)
  29 ancient champions
  8 shadow dragons
  4 revenants
  5 storm dragons
  2 tengu reavers (Vaults:5)
  3 fenstrider witches
  Aizul (Snake:1)
  14 fire giants
  3 daevas (Pan)
  6 protean progenitors
  5 draconian monks
  11 narguns
  9 rockslimes
  10 azure jellies
  Roxanne (Elf:2)
  2 draconian knights
  7 frost giants
  10 nagarajas
  9 shard shrike simulacra
  7 quicksilver elementals
  2 demonspawn warmongers (Pan)
  2 caustic shrike zombies
  7 deep elf sorcerers
  4 iron dragons
  A ghost moth (Zig:1)
  20 balrugs
  10 vault wardens
  12 angels (Pan)
  3 deep elf elementalists
  5 ghouls
  4 draconian scorchers
  A spectral caustic shrike (Tar:5)
  5 demonspawn corrupters (Pan)
  A spectral juggernaut (Tar:1)
  5 ironbound thunderhulks
  An orc warlord (Orc:2)
  2 demonspawn blood saints (Pan)
  10 reapers
  7 cacodemons (Pan)
  2 curse skulls (Pan)
  9 ironbound preservers
  A draconian annihilator (Depths:4)
  5 juggernaut skeletons (Pan)
  A spriggan defender (Depths:2)
  8 ophanim (Pan)
  2 caustic shrike skeletons (Pan)
  5 quicksilver oozes (Slime:5)
  18 very ugly things
  10 formless jellyfish
  11 apis (Pan)
  18 stone giants
  6 vampire knights
  3 green draconians
  14 elemental wellsprings
  4 deep elf demonologists
  6 deep elf death magi
  4 demonspawn black suns (Pan)
  3 bennus (Tomb:3)
  2 bunyips
  8 deep elf annihilators
  3 eleionomae
  2 lorocyprocas
  3 spark wasps (Depths:2)
  A minotaur (Gauntlet)
  A dire elephant (Lair:5)
  4 black draconians
  2 putrid mouths (Tar:4)
  4 purple draconians
  6 red draconians
  18 war gargoyles
  3 yellow draconians
  21 wendigos
  6 white draconians
  13 iron golems
  5 ettins
  11 mummy priests
  A crystal guardian (Vaults:3)
  Josephine (D:14)
  An eidolon (Tar:7)
  6 entropy weavers
  6 green deaths
  A spectral quicksilver dragon (Geh:6)
  4 spectral spriggans
  5 blizzard demons
  7 yaktaur captains
  4 deep elf high priests
  9 jiangshi
  5 great orbs of eyes
  28 vault guards
  15 ice dragons
  9 hydras
  3 peacekeepers
  A rakshasa (Depths:1)
  2 juggernaut simulacra
  8 caustic shrike simulacra
  2 hell beasts
  13 salamander tyrants
  3 ogre magi (Vaults:5)
  4 spriggan air magi
  7 centaur warriors
  4 ghost crabs
  A jorogumo (Pan)
  5 boulder beetles
  2 ironbound frosthearts (Vaults:3)
  7 anacondas
  7 stokers
  17 dancing weapons
  9 deep troll earth magi
  9 alligators
  51 death scarabs
  3 two-headed ogres
  2 deep troll shamans
  3 death yaks (Lair:5)
  A merfolk aquamancer (Pan)
  23 naga warriors
  7 tengu warriors
  2 demonic crawlers
  3 spectral emperor scorpions (Pan)
  2 spectral nagas (Geh:6)
  4 titan zombies
  6 vampire magi
  28 hell hogs
  9 shock serpents
  6 orc high priests
  7 spriggan berserkers
  19 naga sharpshooters
  An occultist (Depths:3)
  6 soul eaters
  5 deep elf knights
  23 sun demons
  Sonja (Orc:1)
  5 hellephant skeletons (Pan)
  5 iron trolls
  A skyshark (Lair:3)
  11 hell knights
  4 salamander mystics
  9 sixfirhies
  5 crystal echidnas
  7 wretched stars (Abyss:3)
  5 quicksilver dragon simulacra
  A spatial maelstrom (Abyss:3)
  8 cherubim (Pan)
  23 shadow wraiths
  3 sea snakes (Depths:1)
  7 mana vipers
  6 naga ritualists
  21 skeletal warriors
  2 glowing orange brains
  5 arcanists
  A storm dragon skeleton (Crypt:3)
  9 shadow demons (Pan)
  2 swamp dragons
  A glowing orange brain (shapeshifter) (Elf:3)
  4 sun moths
  A death drake (Depths:4)
  4 flayed ghosts
  A mana viper (shapeshifter) (Depths:4)
  16 large abominations
  9 bog bodies
  3 orange crystal statues (Zig:3)
  8 lindwurms
  23 deep trolls
  A fenstrider witch simulacrum (Coc:1)
  13 deep elf archers
  10 ironbound convokers
  9 goliath frogs
  7 spriggan simulacra
  An iron dragon zombie (Depths:1)
  2 obsidian statues
  16 deep elf pyromancers
  15 orc knights
  4 phantasmal warriors
  4 orc sorcerers
  10 necromancers
  25 deep elf zephyrmancers
  A shining eye (Slime:5)
  4 cyclopes
  4 will-o-the-wisps
  A manticore (D:15)
  24 ugly things
  A frost giant zombie (Depths:1)
  An iron dragon skeleton (Crypt:1)
  A shining eye (shapeshifter) (Vaults:5)
  2 worldbinders (Abyss:3)
  14 salamanders
  3 shadow dragon skeletons (Vaults:3)
  5 moths of wrath
  2 Executioner simulacra (Pan)
  6 elephants (Lair:5)
  A fire giant skeleton (Vaults:3)
  30 black mambas
  A stone giant skeleton (Vaults:3)
  10 vault sentinels
  A centaur zombie (Crypt:2)
  7 rust devils
  Joseph (D:8)
  3 meliai (Gauntlet)
  2 torpor snails (shapeshifter) (Vaults:5)
  3 eyes of devastation
  3 ice statues
  16 naga magi
  10 smoke demons
  3 torpor snails (Pan)
  6 guardian serpents
  2 kobold blastminers (Orc:1)
  4 orange demons
  7 titan simulacra
  A gargoyle (D:10)
  3 unseen horrors (Tar:7)
  14 hellions
  A dire elephant skeleton (Tomb:1)
  5 molten gargoyles
  15 cane toads
  2 storm dragon simulacra
  3 kobold demonologists
  5 efreet (Pan)
  26 freezing wraiths
  11 komodo dragons
  25 yaktaurs
  8 anaconda simulacra
  A bunyip simulacrum (Coc:2)
  2 elf skeletons (Vaults:3)
  2 rime drakes
  17 tormentors
  5 ice devils
  4 tengu conjurers
  An ancient zyme (Abyss:3)
  A red draconian skeleton (Crypt:3)
  20 guardian mummies
  2 hydra zombies (Hell)
  2 iron giant simulacra
  An alligator snapping turtle skeleton (Crypt:3)
  3 golden dragon simulacra
  A bloated husk (Swamp:1)
  7 hellwings
  A silent spectre (Tar:7)
  2 human skeletons (Vaults:3)
  2 polar bears
  A polar bear (shapeshifter) (Elf:2)
  3 red devils
  6 hornets
  2 sea snake skeletons (Hell)
  9 trolls
  6 tyrant leeches
  A shadow dragon simulacrum (Coc:1)
  8 alligator simulacra
  An iron dragon simulacrum (Coc:5)
  16 blink frogs
  An ettin zombie (Tomb:3)
  2 harpy skeletons
  3 spriggan zombies (Depths:1)
  2 hydra skeletons (Hell)
  Prince Ribbit (D:8)
  3 glass eyes
  A stone giant simulacrum (Coc:2)
  52 slime creatures
  A centaur simulacrum (Crypt:2)
  2 shadows
  11 dire elephant simulacra
  2 vampires
  3 spriggans (Swamp:3)
  2 air elementals (Elf:1)
  A wyvern (shapeshifter) (D:14)
  5 wyverns
  A yak (shapeshifter) (D:14)
  2 ettin skeletons
  13 ushabtiu
  38 yaks
  4 water elementals
  3 wraiths (D:14)
  4 basilisks
  9 ynoxinuls
  An alligator snapping turtle simulacrum (Coc:2)
  15 starcursed masses (Abyss:3)
  3 naga simulacra
  3 golden eyes (Slime:5)
  A fire elemental (Elf:2)
  A human (shapeshifter) (D:15)
  A golden eye (shapeshifter) (Vaults:5)
  2 minotaur simulacra
  3 wargs
  A redback (D:15)
  11 neqoxecs
  4 chaos spawn
  10 harpy simulacra
  A swamp worm simulacrum (Swamp:4)
  13 swamp worms
  11 vampire mosquitoes
  An acid dragon (D:11)
  2 spatial vortices (Abyss:3)
  40 nagas
  16 hydra simulacra
  20 water moccasins
  A glowing shapeshifter skeleton (Vaults:3)
  2 merfolk skeletons
  An ogre skeleton (Vaults:3)
  8 hell hounds
  41 orc warriors
  2 swamp drakes (Swamp:1)
  3 nameless horrors (Pan)
  A black mamba simulacrum (Coc:1)
  5 ice beasts
  6 ettin simulacra
  7 black bears
  10 laughing skulls
  4 small abominations (Abyss:3)
  8 ogres
  20 wolves
  12 centaurs
  6 kobold brigands
  4 gnoll sergeants
  9 bullfrogs
  2 necrophages
  2 scorpions
  3 deep troll simulacra (IceCv)
  2 earth elementals (Elf:3)
  A two-headed ogre simulacrum (Coc:2)
  12 wights
  A lindwurm simulacrum (IceCv)
  A tengu skeleton (Depths:1)
  2 jellies
  2 howler monkeys
  A bombardier beetle (D:4)
  5 crimson imps (D:11)
  A quasit (Abyss:3)
  6 hounds
  5 human zombies (Crypt:1)
  24 orc priests
  A gnoll bouda (D:7)
  A sleepcap (D:6)
  5 iguanas
  Natasha (twice) (D:3)
  18 orc wizards
  16 mummies
  Robin (D:4)
  25 gnolls
  9 adders
  3 shadow imps
  7 white imps
  2 swamp drake simulacra (Swamp:4)
  2 dart slugs
  84 orcs
  A bat (D:3)
  2 endoplasms
  4 giant cockroaches
  12 goblins
  8 hobgoblins
  4 ball pythons
  2 frilled lizards
  23 kobolds
  2 rats
  A ball lightning (Pan)
  3 creeping infernos
  11 fire vortices
  A starspawn tentacle (Abyss:3)
2744 creatures vanquished.

Vanquished Creatures (collateral kills)
  Asmodeus (Geh:7)
  Ereshkigal (Tar:7)
  the Royal Jelly (Slime:5)
  Dispater (Dis:7)
  An ancient lich (Geh:6)
  A royal mummy (Tomb:3)
  A shard shrike (Coc:7)
  A caustic shrike (Dis:6)
  A bone dragon (Tar:7)
  A Tzitzimitl (Zot:5)
  3 iron giants
  2 hellephants
  3 tainted leviathans (Tar:7)
  2 Hell Sentinels
  A lich (Zig:6)
  6 Ice Fiends
  3 Orb Guardians (Zot:5)
  6 titans
  3 searing wretches
  An eldritch tentacle (Pan)
  6 ancient champions
  An Executioner (Pan)
  A storm dragon (Zot:1)
  A revenant (Tomb:3)
  2 demonspawn warmongers (Pan)
  3 draconian monks
  A daeva (Pan)
  An azure jelly (Coc:7)
  2 draconian knights
  2 fire giants
  A protean progenitor (Pan)
  7 narguns
  3 quicksilver elementals
  A frost giant (Coc:7)
  13 balrugs
  3 shard shrike simulacra
  A ghoul (Crypt:1)
  2 cacodemons (Pan)
  A demonspawn blood saint (Pan)
  2 angels (Pan)
  A draconian annihilator (Pan)
  A caustic shrike skeleton (Pan)
  2 vampire knights (Crypt:3)
  A very ugly thing (Depths:3)
  3 black draconians
  2 ophanim (Pan)
  4 elemental wellsprings
  2 purple draconians (Depths:4)
  A putrid mouth (Tar:7)
  2 apis (Pan)
  A bennu (Tomb:3)
  A red draconian (Depths:4)
  4 yellow draconians
  4 green draconians
  6 war gargoyles
  6 wendigos
  3 white draconians
  An ettin (Depths:3)
  4 eidola
  3 iron golems
  A merfolk javelineer (Depths:2)
  A blizzard demon (Coc:3)
  2 fire dragons
  A green death (Pan)
  A spectral iron giant (Tar:3)
  2 salamander tyrants (Geh:7)
  A mummy priest (Tomb:3)
  A sphinx zombie (Crypt:1)
  2 caustic shrike simulacra
  A juggernaut simulacrum (Coc:7)
  2 jorogumos (Pan)
  A spriggan skeleton (Tomb:3)
  A hydra (Lair:5)
  2 centaur warriors (Depths:3)
  2 stokers
  12 death scarabs
  4 vampire magi
  A naga warrior (Zig:4)
  A deep troll shaman (Depths:1)
  A dancing weapon (Dis:7)
  2 hell hogs (Hell)
  An occultist (Depths:2)
  A shock serpent (Zig:4)
  2 crystal echidnas
  3 sun demons (Pan)
  4 hell knights (Hell)
  A fire crab (shapeshifter) (Depths:3)
  An iron troll (Hell)
  An anaconda zombie (Crypt:3)
  A sixfirhy (Pan)
  A shadow wraith (Crypt:3)
  A shadow demon (Pan)
  4 skeletal warriors
  3 deep trolls (Vaults:3)
  A deep elf archer (Depths:3)
  2 quicksilver dragon simulacra (Coc:3)
  2 phantasmal warriors (Crypt:2)
  A necromancer (Hell)
  2 spriggan simulacra
  5 large abominations (Pan)
  3 will-o-the-wisps (Zig:5)
  An ugly thing (Depths:3)
  2 moths of wrath (Zot:5)
  A frost giant skeleton (Vaults:3)
  A rust devil (Depths:2)
  3 molten gargoyles (Geh:7)
  A green draconian zombie (Crypt:1)
  An orange demon (Pan)
  A smoke demon (Pan)
  2 black mambas (Zig:4)
  An ice statue (Coc:7)
  7 hellions
  An ice devil (Pan)
  5 tormentors
  2 efreet (Pan)
  2 freezing wraiths
  A yellow draconian skeleton (Crypt:3)
  An anaconda simulacrum (Coc:2)
  An unseen horror skeleton (Crypt:2)
  2 golden dragon simulacra
  10 guardian mummies
  4 hellwings (Pan)
  A shadow dragon simulacrum (Coc:1)
  A hydra zombie (Hell)
  2 iron dragon simulacra
  A stone giant simulacrum (Coc:1)
  A glass eye (Depths:4)
  A centaur simulacrum (Coc:2)
  A slime creature (Zot:5)
  3 ynoxinuls (Pan)
  A dire elephant simulacrum (Coc:3)
  4 ushabtiu
  A chaos spawn (Pan)
  A neqoxec (Pan)
  3 harpy simulacra
  A spatial vortex (Abyss:3)
  A hydra simulacrum (Hell)
  A nameless horror (Coc:4)
  A laughing skull (Crypt:2)
  2 wolves (Lair:4)
  3 ettin simulacra
  A snapping turtle skeleton (Crypt:3)
  2 necrophages (Crypt:1)
  2 komodo dragon skeletons
  A water moccasin zombie (Crypt:1)
  A polar bear skeleton (Crypt:3)
  A black bear zombie (Crypt:1)
  An acid dragon skeleton (Crypt:2)
  2 mummies (Tomb:3)
  A white imp (Coc:3)
  An aspiring flesh (Zot:5)
  4 fire vortices
325 creatures vanquished.

Vanquished Creatures (others)
  Murray (Hell)
  99 eldritch tentacles
  A fire giant (Geh:7)
  A balrug (Pan)
  An ironbound preserver (Vaults:3)
  A draconian annihilator (Pan)
  A black draconian (Zot:1)
  A blizzard demon (Depths:2)
  A spectral spriggan (Geh:6)
  A caustic shrike simulacrum (Coc:7)
  A hydra (Swamp:1)
  A juggernaut simulacrum (Coc:7)
  A merfolk aquamancer (Pan)
  A deep elf knight (Elf:2)
  A shadow wraith (Tar:7)
  A quicksilver dragon simulacrum (Coc:7)
  A naga ritualist (Snake:4)
  2 spriggan simulacra
  3 deep elf zephyrmancers
  A bog body (Swamp:1)
  A will-o-the-wisp (Swamp:4)
  A smoke demon (Pan)
  A naga mage (Snake:4)
  A titan simulacrum (Coc:7)
  An unseen horror (D:13)
  A tormentor (Geh:1)
  An iron giant simulacrum (Coc:4)
  3 bloated husks
  A golden dragon simulacrum (Coc:2)
  2 spectral harpies (Geh:6)
  A hellwing (Pan)
  2 iron dragon simulacra
  5 dire elephant simulacra
  A vampire (Crypt:3)
  A warg (Orc:1)
  3 harpy simulacra
  A water moccasin (Depths:1)
  An ettin simulacrum (Coc:1)
  A naga simulacrum (Coc:4)
  2 ufetubi (Abyss:3)
  An orc (D:11)
  14 ball lightnings (Pan)
  4 creeping infernos
  4 fire vortices (Geh:3)
  58 foxfires
  14 starspawn tentacles
247 creatures vanquished.

Grand Total: 3316 creatures vanquished

Notes
Turn   | Place    | Note
-------+----------+-------------------------------------------
     0 | D:1      | iamserjio the Octopode Shapeshifter began the quest for the
                  | Orb.
     0 | D:1      | Reached XP level 1. HP: 13/13 MP: 1/1
     5 | D:1      | Noticed an anaconda
    12 | D:1      | Noticed a six-headed hydra
    40 | D:1      | Reached XP level 2. HP: 14/18 MP: 2/2
   101 | D:2      | Identified the +7 sling of the Usurping Traitor {speed,
                  | rPois Int-4 Dex+3}
   113 | D:2      | Reached XP level 3. HP: 17/24 MP: 3/3
   180 | D:4      | Reached skill level 2 in Fighting
   222 | D:4      | Reached XP level 4. HP: 30/30 MP: 4/4
   232 | D:4      | Noticed a scorpion
   275 | D:4      | Reached skill level 5 in Unarmed Combat
   275 | D:4      | Reached XP level 5. HP: 36/36 MP: 5/5
   283 | D:4      | Reached skill level 3 in Fighting
   304 | D:4      | Learned a level 3 spell: Passwall
   309 | D:5      | Entered Level 5 of the Dungeon
   327 | D:5      | Noticed a black bear
   335 | D:5      | Killed a black bear
   336 | D:5      | Reached XP level 6. HP: 42/42 MP: 6/6
   420 | D:5      | Reached skill level 4 in Fighting
   436 | D:5      | Reached XP level 7. HP: 48/48 MP: 7/7
   579 | D:6      | Found a staircase to the Ecumenical Temple.
   708 | D:4      | Noticed Robin
   715 | D:4      | Killed Robin
   793 | D:3      | Noticed Natasha
   801 | D:3      | Killed Natasha
   891 | D:2      | Reached skill level 1 in Stealth
   968 | D:2      | Found a faded altar of an unknown god.
  1049 | D:3      | Noticed Natasha
  1058 | D:3      | Killed Natasha
  1220 | D:4      | Reached XP level 8. HP: 52/53 MP: 8/8
  1409 | D:6      | Reached skill level 5 in Fighting
  1458 | D:6      | Noticed a shadow
  1466 | D:6      | Killed a shadow
  1467 | D:6      | Reached skill level 1 in Evocations
  1781 | D:7      | Found an ornate altar of the Wu Jian Council.
  1781 | D:7      | Found a broken altar of Ashenzari.
  1782 | D:7      | Found a blossoming altar of Fedhas.
  1805 | D:7      | Learned a level 2 spell: Blink
  1808 | D:7      | Learned a level 2 spell: Call Imp
  1855 | D:9      | Noticed a wyvern
  1863 | D:9      | Killed a wyvern
  1864 | D:9      | Reached skill level 1 in Translocations
  1864 | D:9      | Reached XP level 9. HP: 56/62 MP: 9/9
  1875 | D:9      | Reached skill level 1 in Spellcasting
  1889 | D:9      | Found a staircase to the Orcish Mines.
  1900 | D:9      | Reached skill level 6 in Fighting
  1931 | D:8      | Noticed Gastronok
  1977 | D:9      | Found a staircase to the Lair.
  2025 | D:10     | Entered Level 10 of the Dungeon
  2081 | D:10     | Noticed a gargoyle
  2089 | D:10     | Killed a gargoyle
  2140 | D:10     | Noticed a two-headed ogre
  2162 | D:10     | Killed a two-headed ogre
  2163 | D:10     | Reached skill level 10 in Unarmed Combat
  2195 | D:10     | Reached XP level 10. HP: 63/69 MP: 13/13
  2224 | D:10     | Reached skill level 7 in Fighting
  2287 | D:10     | Reached skill level 5 in Dodging
  2367 | D:10     | Found a bloodstained altar of Trog.
  2367 | D:10     | Found a snail-covered altar of Cheibriados.
  2397 | D:9      | Noticed a two-headed ogre
  2414 | D:9      | Killed a two-headed ogre
  2415 | D:9      | Reached skill level 1 in Shields
  2525 | D:9      | Found Mihoufe's CLEARANCE SALE!.
  2527 | D:9      | Bought a book of Winter for 136 gold pieces
  2527 | D:9      | Bought a potion of curing for 12 gold pieces
  2531 | D:9      | Learned a level 3 spell: Ozocubu's Armour
  2630 | D:9      | Reached skill level 8 in Fighting
  2806 | D:8      | Noticed Prince Ribbit
  2819 | D:8      | Killed Prince Ribbit
  2820 | D:8      | Reached skill level 5 in Shields
  2820 | D:8      | Reached XP level 11. HP: 77/77 MP: 14/14
  3172 | D:12     | Reached skill level 1 in Ice Magic
  3221 | D:12     | You fall into a shaft and drop 2 floors!
  3272 | D:14     | Noticed a death knight
  3283 | D:14     | Noticed a cyclops
  3291 | D:14     | Killed a cyclops
  3293 | D:14     | Noticed a tengu warrior
  3309 | D:14     | Killed a tengu warrior
  3397 | D:13     | Noticed a skeletal warrior
  3398 | D:13     | Noticed a skeletal warrior
  3485 | D:13     | Noticed a brown ugly thing
  3487 | D:13     | Noticed a two-headed ogre
  3498 | D:13     | Killed a brown ugly thing
  3503 | D:13     | Killed a two-headed ogre
  3504 | D:13     | Reached skill level 5 in Ice Magic
  3552 | D:13     | Found a gate leading to a gauntlet.
  3577 | Gauntlet | Entered a Gauntlet
  3577 | Gauntlet | Found a transporter.
  3589 | Gauntlet | Found a runed translucent door.
  3590 | Gauntlet | Found a transporter.
  3590 | Gauntlet | Found a transporter.
  3613 | Gauntlet | Found a transporter.
  3618 | Gauntlet | Found a runed translucent door.
  3619 | Gauntlet | Identified the +2 leather armour "Zeudoec" {Rampage Int-5
                  | Dex+4}
  3626 | Gauntlet | Found a runed translucent door.
  3643 | Gauntlet | Found a transporter.
  3653 | Gauntlet | Found a transporter.
  3653 | Gauntlet | Found a transporter.
  3654 | Gauntlet | Noticed a dire elephant
  3672 | Gauntlet | Found a transporter.
  3685 | Gauntlet | Identified the +0 hat of Syzuneug {+Blink Int+2 Stlth+}
  3738 | Gauntlet | Noticed a minotaur
  3752 | Gauntlet | Killed a minotaur
  3753 | Gauntlet | Reached XP level 12. HP: 57/83 MP: 15/15
  3784 | Gauntlet | Learned a level 4 spell: Passage of Golubria
  3792 | D:13     | Noticed Frances
  3813 | D:13     | Noticed a tengu warrior
  3830 | D:13     | Killed a tengu warrior
  4206 | D:13     | Noticed a centaur warrior
  4306 | D:11     | Noticed a boulder beetle
  4318 | D:11     | Killed a boulder beetle
  4493 | D:9      | Found a hazy altar of Hepliaklqana.
  4557 | D:8      | Noticed Joseph
  4568 | D:8      | Killed Joseph
  4695 | Lair:1   | Entered Level 1 of the Lair of Beasts
  4703 | Lair:1   | Reached skill level 9 in Fighting
  4733 | Lair:1   | Learned a level 3 spell: Frozen Ramparts
  4930 | Lair:2   | Reached skill level 10 in Fighting
  5010 | Lair:2   | Reached XP level 13. HP: 79/93 MP: 11/17
  5052 | Lair:1   | You fall into a shaft and drop 1 floor!
  5178 | Lair:2   | Found a staircase to the Swamp.
  5178 | Lair:2   | Noticed an eleionoma
  5190 | Lair:2   | Killed an eleionoma
  5214 | Lair:2   | Reached skill level 11 in Fighting
  5568 | Lair:5   | Entered Level 5 of the Lair of Beasts
  5755 | Lair:4   | Noticed Nessos
  5759 | Lair:4   | Nessos changed into Nessos the sun moth
  5759 | Lair:4   | Noticed Nessos
  5770 | Lair:4   | Killed Nessos the sun moth
  5771 | Lair:4   | Reached skill level 12 in Fighting
  5822 | Lair:4   | Found a staircase to the Slime Pits.
  5829 | Slime:1  | Entered Level 1 of the Pits of Slime
  5829 | Slime:1  | Noticed an azure jelly
  5829 | Slime:1  | Noticed an acid blob
  5829 | Slime:1  | Noticed a formless jellyfish
  5829 | Slime:1  | Noticed a formless jellyfish
  6041 | D:10     | Became a worshipper of Cheibriados the Contemplative
  6237 | Lair:3   | Reached skill level 10 in Shields
  6267 | Lair:3   | Found a staircase to the Snake Pit.
  6325 | Snake:1  | Entered Level 1 of the Snake Pit
  6337 | Lair:3   | Reached skill level 5 in Spellcasting
  6395 | Lair:3   | Reached * piety under Cheibriados
  6396 | Lair:3   | Reached XP level 14. HP: 103/103 MP: 21/21
  6426 | Lair:3   | Reached skill level 1 in Air Magic
  6452 | Lair:3   | Reached skill level 1 in Alchemy
  6453 | Lair:3   | Reached skill level 1 in Conjurations
  6654 | Lair:5   | Reached skill level 1 in Invocations
  6735 | Lair:5   | Noticed a dire elephant
  6761 | Lair:5   | Reached ** piety under Cheibriados
  6788 | Lair:5   | Killed a dire elephant
  6990 | Lair:5   | Found a burning altar of Makhleb.
  7007 | Lair:5   | Reached *** piety under Cheibriados
  7082 | Lair:5   | Reached skill level 5 in Invocations
  7089 | Lair:5   | Found a gateway to Hell.
  7091 | Lair:5   | Got an earthy gem with 1302 turns to spare
  7149 | Lair:5   | Identified the +0 ring mail of Supple Strength {rPois Will+
                  | Str+4 Dex+3}
  7285 | Lair:1   | Reached skill level 10 in Dodging
  7441 | D:13     | Identified the +0 chain mail of Pingegiomm {rF+}
  7472 | D:13     | Learned a level 3 spell: Mephitic Cloud
  7498 | D:13     | Found a portal to a secret trove of treasure.
  7625 | D:15     | Entered Level 15 of the Dungeon
  7673 | D:14     | Found a gate to the Vaults.
  7829 | D:14     | Reached **** piety under Cheibriados
  7881 | D:14     | Noticed Josephine
  7890 | D:14     | Killed Josephine
  7952 | D:15     | Reached XP level 15. HP: 96/109 MP: 19/22
  8163 | D:15     | Reached skill level 13 in Fighting
  8231 | D:15     | Reached ***** piety under Cheibriados
  8488 | D:13     | Killed Frances
  8677 | Orc:1    | Entered Level 1 of the Orcish Mines
  8826 | Orc:2    | Entered Level 2 of the Orcish Mines
  8926 | Orc:1    | Found Bevy's Distillery.
  8927 | Orc:1    | Noticed an orc warlord
  8929 | Orc:1    | Noticed Sonja
  8931 | Orc:1    | Killed Sonja
  8933 | Orc:1    | Found Tail's Magic Scroll Emporium.
  8946 | Orc:2    | Killed an orc warlord
  9220 | Orc:1    | Bought a scroll of fog for 56 gold pieces
  9220 | Orc:1    | Bought a scroll of acquirement for 728 gold pieces
  9220 | Orc:1    | Bought a scroll of fear for 56 gold pieces
  9220 | Orc:1    | Bought a scroll of silence for 133 gold pieces
  9256 | Orc:1    | Bought 2 potions of heal wounds for 170 gold pieces
  9256 | Orc:1    | Bought a potion of lignification for 51 gold pieces
  9256 | Orc:1    | Bought a potion of degeneration for 17 gold pieces
  9256 | Orc:1    | Bought a potion of ambrosia for 136 gold pieces
  9256 | Orc:1    | Bought a potion of mutation for 136 gold pieces
  9285 | Orc:2    | Found a staircase to the Elven Halls.
  9493 | Orc:2    | Reached skill level 14 in Fighting
  9518 | Orc:2    | Found Zoligg's Jewellery Boutique.
  9518 | Orc:2    | Found Oraopp's Distillery.
  9519 | Orc:2    | Found Pudoar's Magic Scroll Boutique.
  9519 | Orc:2    | Found Luetat's General Store.
  9527 | Orc:2    | Bought a ring of protection from fire for 275 gold pieces
  9527 | Orc:2    | Bought a scroll of summoning for 104 gold pieces
  9533 | Orc:2    | Bought a ring of protection from cold for 400 gold pieces
  9586 | Elf:1    | Entered Level 1 of the Elven Halls
  9646 | Elf:2    | Reached skill level 15 in Unarmed Combat
  9677 | Elf:1    | Found Dasoki's General Store.
  9677 | Elf:1    | Noticed a deep elf elementalist
  9684 | Elf:1    | Killed a deep elf elementalist
  9685 | Elf:1    | Reached XP level 16. HP: 93/119 MP: 25/25
  9687 | Elf:1    | Bought a scroll of teleportation for 39 gold pieces
  9831 | Elf:1    | Paralysed by an air elemental for 1 turns
  9910 | Elf:2    | Reached skill level 5 in Translocations
  9928 | Elf:2    | Noticed Roxanne
  9956 | Elf:2    | Killed Roxanne
  9957 | Elf:2    | Reached skill level 5 in Shapeshifting
 10068 | Elf:2    | Found Alogoh's Magic Scroll Shoppe.
 10089 | Elf:3    | Entered Level 3 of the Elven Halls
 10167 | Elf:3    | Found a gateway to a bazaar.
 10178 | Bazaar   | Entered a bazaar
 10178 | Bazaar   | Found Ethraum's Jewellery Boutique.
 10178 | Bazaar   | Found Umit's Antique Weapon Boutique.
 10183 | Bazaar   | Acquired 703 gold pieces
 10185 | Bazaar   | Bought a ring of wizardry for 360 gold pieces
 10185 | Bazaar   | Bought a +5 ring of evasion for 432 gold pieces
 10196 | Bazaar   | Found Ecveicur's Book Shop.
 10244 | Elf:3    | Found a glacial archway.
 10244 | Elf:3    | Noticed an azure jelly
 10257 | Elf:3    | Killed an azure jelly
 10269 | IceCv    | Entered an ice cave
 10332 | IceCv    | Found an ancient bone altar of Kikubaaqudgha.
 10342 | IceCv    | Noticed a lich
 10349 | IceCv    | Killed a lich
 10488 | IceCv    | Identified the ring "Acwar" {rF+ rC+}
 10551 | IceCv    | Reached ****** piety under Cheibriados
 10737 | Elf:3    | Reached skill level 10 in Shapeshifting
 10794 | Elf:3    | Noticed Zenata
 10802 | Elf:3    | Noticed a deep elf blademaster
 10819 | Elf:3    | Reached XP level 17. HP: 75/126 MP: 24/26
 10887 | Elf:3    | Noticed a deep elf master archer
 10889 | Elf:3    | Killed a deep elf master archer
 10938 | Elf:3    | Killed a deep elf blademaster
 10948 | Elf:3    | Noticed a deep elf blademaster
 10959 | Elf:3    | Killed a deep elf blademaster
 10968 | Abyss:3  | Cast into level 3 of the Abyss (a deep elf sorcerer)
 10983 | Abyss:3  | Found a corrupted altar of Lugonu.
 10998 | Abyss:3  | Noticed a tentacled starspawn
 11009 | Abyss:3  | Killed a tentacled starspawn
 11078 | Abyss:3  | Noticed a profane servitor
 11141 | Abyss:3  | Noticed a tentacled starspawn
 11149 | Abyss:3  | Killed a tentacled starspawn
 11213 | Abyss:3  | Noticed a tentacled starspawn
 11216 | Abyss:3  | Killed a tentacled starspawn
 11248 | Abyss:3  | Noticed a tentacled starspawn
 11250 | Abyss:3  | Noticed a tentacled starspawn
 11255 | Abyss:3  | Killed a tentacled starspawn
 11255 | Abyss:3  | Killed a tentacled starspawn
 11258 | Abyss:3  | Noticed a tentacled starspawn
 11268 | Abyss:3  | Killed a tentacled starspawn
 11284 | Abyss:3  | Got an abyssal rune of Zot
 11293 | Elf:3    | Escaped the Abyss
 11322 | Elf:3    | Noticed a deep elf master archer
 11327 | Elf:3    | Identified the +0 robe "Loetia" {rPois rCorr Str+3}
 11331 | Elf:3    | Killed a deep elf master archer
 11332 | Elf:3    | Reached XP level 18. HP: 110/132 MP: 12/27
 11375 | Elf:3    | Found the +3 hat of Pondering {ponderous, Will+ MP+10
                  | Int+5}
 11408 | Elf:3    | Got a shimmering gem with 223 turns to spare
 11443 | Elf:3    | Identified the +6 fire dragon scales "Afitiff" {rF++ rC-
                  | Regen+ Dex+3}
 11452 | Elf:3    | Reached skill level 15 in Shapeshifting
 11471 | Elf:3    | Got Kuza's Handbook of the Arsonist
 11532 | Elf:3    | Learned a level 1 spell: Apportation
 11582 | Elf:3    | Killed Zenata
 11648 | Elf:2    | Bought a scroll of teleportation for 39 gold pieces
 11648 | Elf:2    | Bought a scroll of blinking for 97 gold pieces
 11709 | Elf:1    | Paralysed by an air elemental for 1 turns
 11730 | Elf:1    | Got the Parchment of Wounds
 11840 | Orc:2    | Bought 2 scrolls of blinking for 240 gold pieces
 11840 | Orc:2    | Bought a scroll of teleportation for 48 gold pieces
 11840 | Orc:2    | Bought a scroll of teleportation for 48 gold pieces
 11840 | Orc:2    | Bought a scroll of teleportation for 48 gold pieces
 11840 | Orc:2    | Bought a scroll of fog for 64 gold pieces
 11845 | Orc:2    | Bought a potion of heal wounds for 60 gold pieces
 11845 | Orc:2    | Bought a potion of resistance for 120 gold pieces
 11845 | Orc:2    | Bought a potion of might for 48 gold pieces
 11845 | Orc:2    | Bought a potion of heal wounds for 60 gold pieces
 11905 | Orc:1    | Bought a potion of cancellation for 136 gold pieces
 11905 | Orc:1    | Bought a potion of curing for 51 gold pieces
 11909 | Orc:1    | Bought a scroll of identify for 28 gold pieces
 11909 | Orc:1    | Bought a scroll of identify for 28 gold pieces
 11982 | Swamp:1  | Entered Level 1 of the Swamp
 12058 | Swamp:1  | Reached skill level 1 in Earth Magic
 12104 | Swamp:2  | Learned a level 5 spell: Borgnjor's Vile Clutch
 12184 | Swamp:4  | Entered Level 4 of the Swamp
 12250 | Swamp:4  | Noticed Bai Suzhen
 12269 | Swamp:4  | Killed Bai Suzhen
 12343 | Swamp:4  | Reached skill level 15 in Fighting
 12405 | Swamp:4  | Got a decaying rune of Zot
 12405 | Swamp:4  | Got a mossy gem with 948 turns to spare
 12541 | Swamp:2  | Reached XP level 19. HP: 139/139 MP: 28/28
 12706 | Snake:1  | Identified the serpent talisman "Baether" {rF++}
 12706 | Snake:1  | Noticed Aizul
 12712 | Snake:1  | Killed Aizul
 12771 | Snake:2  | Identified the ring of Twilight {Fire Str+4 Int+3 Slay+3}
 12960 | Snake:4  | Entered Level 4 of the Snake Pit
 12983 | Snake:4  | Reached skill level 5 in Evocations
 13006 | Snake:4  | Reached skill level 10 in Invocations
 13128 | Snake:4  | Got a serpentine rune of Zot
 13128 | Snake:4  | Got a jade gem with 1471 turns to spare
 13144 | Snake:4  | Identified the +0 robe "Nythuinu" {Will- rCorr Str+6
                  | Stlth-}
 13166 | Snake:4  | Noticed Vashnia
 13178 | Snake:4  | Reached skill level 16 in Fighting
 13204 | Snake:4  | Reached XP level 20. HP: 147/147 MP: 29/29
 13207 | Snake:4  | Killed Vashnia
 13569 | Slime:5  | Entered Level 5 of the Pits of Slime
 13569 | Slime:5  | Found the +9 sword of Zonguldrok {reap}
 13569 | Slime:5  | Found the +2 pair of slick slippers {slick, slippery, EV+4}
 13576 | Slime:5  | Reached skill level 5 in Stealth
 13592 | Slime:5  | Learned a level 2 spell: Static Discharge
 13601 | Slime:5  | Learned a level 3 spell: Call Canine Familiar
 13643 | Slime:5  | Found a viscous altar of Jiyva.
 13683 | Slime:5  | Reached skill level 1 in Summonings
 13719 | Slime:5  | Found the ring of the Tortoise {AC+8}
 13760 | Slime:5  | Gained mutation: Your magical capacity is low. (-10% MP) [a
                  | shining eye]
 13767 | Slime:5  | Gained mutation: You are vulnerable to cold. (rC-) [a
                  | shining eye]
 13770 | Slime:5  | Reached skill level 17 in Fighting
 13773 | Slime:5  | Lost mutation: You are vulnerable to cold. (rC-) [potion of
                  | mutation]
 13773 | Slime:5  | Lost mutation: Your magical capacity is low. (-10% MP)
                  | [potion of mutation]
 13773 | Slime:5  | Gained mutation: A frigid envelope surrounds you and
                  | freezes all who hurt you. [potion of mutation]
 13773 | Slime:5  | Gained mutation: You possess an exceptional clarity of
                  | mind. [potion of mutation]
 13844 | Slime:5  | Noticed the Royal Jelly
 13849 | Slime:5  | Killed the Royal Jelly
 13901 | Slime:5  | Identified the staff of the Fifty Leylines {rPois Int+3
                  | Alchemy}
 13950 | Slime:5  | Identified the staff of Debt {rPois Str+3 Alchemy}
 13955 | Slime:5  | Got Sif Muna's Thoughts on Generative Substances
 13955 | Slime:5  | Got a slimy rune of Zot
 13971 | Slime:5  | Identified the amulet "Zanluybu" {Faith SInv}
 13974 | Slime:5  | Acquired a manual of Earth Magic
 14143 | Vaults:1 | Entered Level 1 of the Vaults
 14191 | Vaults:2 | You fall into a shaft and drop 1 floor!
 14262 | Vaults:4 | Reached skill level 1 in Necromancy
 14283 | Vaults:4 | Noticed Norris
 14292 | Vaults:4 | Killed Norris
 14295 | Vaults:4 | Reached skill level 5 in Summonings
 14295 | Vaults:4 | Reached XP level 21. HP: 156/156 MP: 18/30
 14300 | Vaults:3 | Identified the orb "Omin Jei" {light, rPois rF+++ Tloc}
 14300 | Vaults:3 | Noticed Frederick
 14305 | Vaults:3 | Killed Frederick
 14346 | Vaults:5 | Entered Level 5 of the Vaults
 14361 | Vaults:5 | Noticed an ancient lich
 14374 | Vaults:5 | Killed an ancient lich
 14443 | Vaults:5 | Reached skill level 18 in Fighting
 14474 | Vaults:5 | Got a silver rune of Zot
 14483 | Vaults:5 | Got a shining gem with 3094 turns to spare
 14492 | Vaults:5 | Noticed Mennas
 14495 | Vaults:5 | Reached skill level 5 in Necromancy
 14503 | Vaults:5 | Killed Mennas
 14592 | Vaults:5 | Noticed an ancient lich
 14601 | Vaults:5 | Killed an ancient lich
 14605 | Vaults:5 | Reached skill level 5 in Earth Magic
 14636 | Vaults:5 | Found the +5 glaive of the Guard {elec, spectral}
 14640 | Vaults:5 | Identified the +5 robe of the Storm King {rF+ Int+3 Dex+3
                  | Stlth+}
 14640 | Vaults:5 | Identified the ring "Ziafaidd" {rF+ Str+6 Int+3}
 14661 | Vaults:5 | Identified the +6 spear "Lemoi" {holy, Str+2 Stlth+}
 14747 | Vaults:5 | Reached XP level 22. HP: 165/165 MP: 32/32
 14755 | Vaults:5 | Acquired 795 gold pieces
 14765 | Vaults:5 | Identified the +3 leather armour "Tawij" {Rampage rC+}
 14829 | Vaults:5 | Reached skill level 5 in Conjurations
 14848 | Vaults:5 | Noticed a golden dragon
 14851 | Vaults:5 | Reached skill level 10 in Earth Magic
 14854 | Vaults:5 | Noticed a dread lich
 14867 | Vaults:5 | Killed a dread lich
 14868 | Vaults:5 | Killed a golden dragon
 14891 | Vaults:5 | Identified the staff of the Healing Ass {rF+ rN+ Fire Air}
 14923 | Vaults:5 | Noticed Xtahua
 14936 | Vaults:5 | Killed Xtahua
 15235 | Vaults:2 | Found Ucugen's Distillery.
 15238 | Vaults:2 | Bought a potion of curing for 48 gold pieces
 15238 | Vaults:2 | Bought a potion of magic for 128 gold pieces
 15238 | Vaults:2 | Bought 2 potions of resistance for 320 gold pieces
 15238 | Vaults:2 | Bought a potion of enlightenment for 80 gold pieces
 15238 | Vaults:2 | Bought a potion of invisibility for 128 gold pieces
 15238 | Vaults:2 | Bought a potion of resistance for 160 gold pieces
 15332 | D:15     | Found a staircase to the Depths.
 15341 | D:15     | Got a smoky gem with 2142 turns to spare
 15343 | Depths:1 | Entered Level 1 of the Depths
 15354 | Depths:1 | Learned a level 7 spell: Malign Gateway
 15414 | Depths:1 | Reached XP level 23. HP: 171/171 MP: 34/35
 15614 | Depths:2 | Noticed a golden dragon
 15620 | Depths:2 | Noticed Vv
 15624 | Depths:2 | Killed a golden dragon
 15636 | Depths:2 | Killed Vv
 15644 | Depths:2 | Noticed a juggernaut
 15653 | Depths:2 | Killed a juggernaut
 15697 | Depths:2 | Learned a level 4 spell: Vhi's Electric Charge
 15728 | Depths:2 | Reached skill level 10 in Summonings
 15772 | Depths:2 | Found a one-way gate leading to the halls of Pandemonium.
 15779 | Depths:2 | Found a one-way gate to the infinite horrors of the Abyss.
 15780 | Depths:2 | Identified the +3 short sword "Wylajid" {spect, rCorr}
 15791 | Depths:1 | Reached skill level 10 in Spellcasting
 15838 | Depths:3 | Found a one-way gateway to a ziggurat.
 15967 | Depths:3 | Learned a level 6 spell: Bombard
 15968 | Zig:1    | Entered Level 1 of a ziggurat
 15978 | Zig:2    | Entered Level 2 of a ziggurat
 15993 | Zig:3    | Entered Level 3 of a ziggurat
 16027 | Zig:3    | Identified the ring "Kanaz" {Str+3 SInv}
 16053 | Zig:4    | Entered Level 4 of a ziggurat
 16080 | Zig:5    | Entered Level 5 of a ziggurat
 16105 | Zig:6    | Entered Level 6 of a ziggurat
 16107 | Zig:6    | Noticed a dread lich
 16113 | Zig:6    | Killed a dread lich
 16122 | Zig:6    | Identified the staff "Fonucem" {^Drain Dex+3 Conj Hexes}
 16130 | Zig:7    | Entered Level 7 of a ziggurat
 16132 | Zig:7    | Noticed a shard shrike
 16134 | Zig:7    | Killed a shard shrike
 16145 | Zig:7    | Identified the staff "Jellybane" {rElec rC- Int+4 Air}
 16158 | Zig:8    | Entered Level 8 of a ziggurat
 16164 | Zig:8    | Found the necklace of Bloodlust {Fury *Rage Will++ Int-3
                  | Slay+6}
 16164 | Zig:8    | Noticed Kuhoihu Puza the pandemonium lord
 16168 | Zig:8    | Killed Kuhoihu Puza the pandemonium lord
 16257 | Depths:2 | Reached XP level 24. HP: 177/177 MP: 38/38
 16279 | Depths:2 | Learned a level 7 spell: Spellforged Servitor
 16280 | Pan      | Entered Pandemonium
 16280 | Pan      | Found an exit through the horrors of the Abyss.
 16376 | Pan      | Found a white marble altar of Elyvilon.
 16544 | Pan      | Noticed a seraph
 16581 | Pan      | Killed a seraph
 16591 | Pan      | Found a glowing golden altar of the Shining One.
 16595 | Pan      | Got a demonic rune of Zot
 16641 | Depths:2 | Escaped Pandemonium
 16643 | Pan      | Entered Pandemonium
 16691 | Pan      | Reached skill level 15 in Summonings
 16781 | Pan      | Entered the realm of Gloorx Vloq.
 17079 | Pan      | Noticed Gloorx Vloq
 17088 | Pan      | Killed Gloorx Vloq
 17092 | Pan      | Got a dark rune of Zot
 17141 | Pan      | Reached XP level 25. HP: 122/183 MP: 7/40
 17196 | Pan      | Entered the realm of Lom Lobon.
 17199 | Pan      | Noticed Lom Lobon
 17232 | Pan      | Killed Lom Lobon
 17266 | Pan      | Got a magical rune of Zot
 17418 | Pan      | Found an exit through the horrors of the Abyss.
 17511 | Pan      | Entered the realm of Mnoleg.
 17585 | Pan      | Gained mutation: Your body sometimes deteriorates upon
                  | taking damage. [a cacodemon]
 17657 | Pan      | Noticed Mnoleg
 17681 | Pan      | Killed Mnoleg
 17694 | Pan      | Gained mutation: You have hidden genetic defects. [a
                  | cacodemon]
 17703 | Pan      | Got a glowing rune of Zot
 17870 | Pan      | Noticed Imitio Siqib the pandemonium lord
 17896 | Pan      | Entered the realm of Cerebov.
 17944 | Pan      | Found an exit through the horrors of the Abyss.
 17951 | Pan      | Reached skill level 19 in Fighting
 17967 | Pan      | Identified the +8 morningstar "Payrph" {flame, rN+}
 17967 | Pan      | Identified the +3 acid dragon scales "Opigunk" {rElec
                  | rCorr}
 17974 | Pan      | Reached skill level 10 in Necromancy
 17983 | Pan      | Gained mutation: Your magical capacity is low. (-10% MP)
                  | [hidden defects]
 18003 | Pan      | Found the +6 sword of Cerebov {flame}
 18003 | Pan      | Noticed Cerebov
 18109 | Pan      | Got a fiery rune of Zot
 18166 | Pan      | Reached XP level 26. HP: 193/193 MP: 21/36
 18210 | Pan      | Took an exit into the Abyss.
 18210 | Abyss:3  | Escaped into the Abyss
 18213 | Abyss:3  | Found a corrupted altar of Lugonu.
 18247 | Abyss:3  | Gained mutation: You are frail. (-10% HP) [a neqoxec]
 18278 | Depths:2 | Escaped the Abyss
 18299 | Depths:2 | Learned a level 8 spell: Borgnjor's Revivification
 18300 | Hell     | Entered the Vestibule of Hell
 18300 | Hell     | Noticed Geryon
 18334 | Depths:2 | Gained mutation: Your health recovers twice as slowly from
                  | being drained. [hidden defects]
 18334 | Depths:2 | Lost mutation: You have hidden genetic defects. [hidden
                  | defects expressed]
 18367 | Hell     | Noticed Murray
 18380 | Hell     | Killed Murray
 18394 | Hell     | Killed Geryon
 18422 | Hell     | Found a gateway to the ashen valley of Gehenna.
 18470 | Geh:1    | Entered Level 1 of Gehenna
 18572 | Geh:2    | Reached skill level 15 in Necromancy
 18771 | Geh:4    | Lost mutation: A frigid envelope surrounds you and freezes
                  | all who hurt you. [potion of mutation]
 18771 | Geh:4    | Lost mutation: Your body sometimes deteriorates upon taking
                  | damage. [potion of mutation]
 18772 | Geh:4    | Lost mutation: You are frail. (-10% HP) [potion of
                  | mutation]
 18772 | Geh:4    | Lost mutation: You possess an exceptional clarity of mind.
                  | [potion of mutation]
 18772 | Geh:4    | Lost mutation: Your health recovers twice as slowly from
                  | being drained. [potion of mutation]
 18772 | Geh:4    | Gained mutation: You are strong-willed. (Will+) [potion of
                  | mutation]
 18772 | Geh:4    | Lost mutation: You are strong-willed. (Will+) [potion of
                  | mutation]
 18772 | Geh:4    | Lost mutation: Your magical capacity is low. (-10% MP)
                  | [potion of mutation]
 18833 | Geh:6    | Noticed an ancient lich
 18843 | Geh:6    | Killed an ancient lich
 18959 | Geh:7    | Entered Level 7 of Gehenna
 18966 | Geh:7    | Reached XP level 27. HP: 198/198 MP: 35/41
 19105 | Geh:7    | Identified the staff of the Blowfly {rF- Will+ Int+5 Conj
                  | Ice}
 19123 | Geh:7    | Identified the ring "Issunlin" {Fly Will+}
 19160 | Geh:7    | Found the +13 sceptre of Asmodeus
 19160 | Geh:7    | Noticed Asmodeus
 19207 | Geh:7    | Got an obsidian rune of Zot
 19217 | Geh:7    | Killed Asmodeus
 19303 | Hell     | Found a gateway to the decaying netherworld of Tartarus.
 19311 | Tar:1    | Entered Level 1 of Tartarus
 19555 | Tar:7    | Entered Level 7 of Tartarus
 19607 | Tar:7    | Reached skill level 20 in Fighting
 20014 | Tar:7    | Noticed Ereshkigal
 20036 | Tar:7    | Killed Ereshkigal
 20072 | Tar:7    | Got a bone rune of Zot
 20205 | Hell     | Found a gateway to the Iron City of Dis.
 20213 | Dis:1    | Entered Level 1 of the Iron City of Dis
 20364 | Dis:2    | Reached skill level 21 in Fighting
 20486 | Dis:4    | You fall into a shaft and drop 2 floors!
 20553 | Dis:6    | Reached skill level 10 in Stealth
 20611 | Dis:7    | Entered Level 7 of the Iron City of Dis
 20878 | Dis:7    | Noticed the Serpent of Hell
 21105 | Dis:7    | Noticed a juggernaut
 21112 | Dis:7    | Killed a juggernaut
 21113 | Dis:7    | Reached skill level 22 in Fighting
 21132 | Dis:7    | Noticed Dispater
 21139 | Dis:7    | Killed Dispater
 21149 | Dis:7    | Got an iron rune of Zot
 21301 | Hell     | Found a gateway to the freezing wastes of Cocytus.
 21310 | Coc:1    | Entered Level 1 of Cocytus
 21407 | Coc:1    | Reached skill level 15 in Dodging
 21677 | Coc:4    | Paralysed by a wendigo for 1 turns
 21696 | Coc:4    | Paralysed by a wendigo for 1 turns
 21706 | Coc:4    | Paralysed by a wendigo for 1 turns
 21708 | Coc:4    | Reached skill level 10 in Evocations
 21782 | Coc:5    | Paralysed by a wendigo for 1 turns
 21835 | Coc:5    | Reached skill level 15 in Stealth
 21839 | Coc:5    | Paralysed by a wendigo for 1 turns
 21843 | Coc:5    | Paralysed by a wendigo for 1 turns
 21948 | Coc:7    | Entered Level 7 of Cocytus
 21993 | Coc:7    | Paralysed by a wendigo for 1 turns
 22129 | Coc:7    | Paralysed by a wendigo for 1 turns
 22176 | Coc:7    | Paralysed by a wendigo for 1 turns
 22354 | Coc:7    | Reached skill level 23 in Fighting
 22368 | Coc:7    | Noticed Antaeus
 22431 | Coc:7    | Got an icy rune of Zot
 22641 | Vaults:3 | Found the +10 zealot's sword {holy, Zealotry, *Rage rN+
                  | EV+3}
 22775 | Vaults:3 | Found a staircase to the Crypt.
 22779 | Crypt:1  | Entered Level 1 of the Crypt
 22879 | Crypt:3  | Entered Level 3 of the Crypt
 23020 | Crypt:3  | Reached skill level 24 in Fighting
 23039 | Crypt:3  | Found an ancient bone altar of Kikubaaqudgha.
 23043 | Crypt:3  | Found a basalt altar of Yredelemnul.
 23049 | Crypt:3  | Identified the staff of Fee Simple {rC+ rN+ Will- Str+3
                  | Necro}
 23056 | Crypt:3  | Got an ivory gem with 1328 turns to spare
 23102 | Crypt:3  | Found a staircase to the Tomb.
 23108 | Tomb:1   | Entered Level 1 of the Tomb of the Ancients
 23220 | Tomb:1   | Noticed a royal mummy
 23222 | Tomb:1   | Noticed a royal mummy
 23225 | Tomb:1   | Killed a royal mummy
 23228 | Tomb:1   | Killed a royal mummy
 23232 | Tomb:1   | Noticed a royal mummy
 23236 | Tomb:1   | Killed a royal mummy
 23315 | Tomb:2   | Found the +5 robe of Night {Dark Will+ SInv}
 23391 | Tomb:3   | Entered Level 3 of the Tomb of the Ancients
 23431 | Tomb:3   | Noticed a royal mummy
 23434 | Tomb:3   | Noticed Khufu
 23436 | Tomb:3   | Killed a royal mummy
 23437 | Tomb:3   | Noticed a royal mummy
 23438 | Tomb:3   | Noticed a royal mummy
 23446 | Tomb:3   | Noticed a royal mummy
 23447 | Zig:1    | Entered Level 1 of a ziggurat
 23495 | Tomb:3   | Killed a royal mummy
 23503 | Tomb:3   | Noticed a royal mummy
 23546 | Tomb:3   | Noticed a royal mummy
 23546 | Tomb:3   | Noticed a royal mummy
 23550 | Tomb:3   | Found the +7 lajatang of Order {silver, rMut}
 23554 | Tomb:3   | Noticed a royal mummy
 23595 | Tomb:3   | Killed a royal mummy
 23621 | Tomb:3   | Killed a royal mummy
 23629 | Tomb:3   | Killed a royal mummy
 23742 | Tomb:3   | Killed Khufu
 23745 | Tomb:3   | Killed a royal mummy
 23749 | Tomb:3   | Killed a royal mummy
 23756 | Tomb:3   | Got a golden rune of Zot
 23756 | Tomb:3   | Got a sanguine gem with 473 turns to spare
 23779 | Tomb:3   | Acquired the +1 hat of the Hammering Gods {+Blink rF+ rN+}
 24174 | Depths:4 | Entered Level 4 of the Depths
 24184 | Depths:4 | Found a gateway to a bazaar.
 24190 | Bazaar   | Entered a bazaar
 24193 | Bazaar   | Found Ese Serphis's Antique Armour Shop.
 24328 | Depths:4 | Reached skill level 15 in Evocations
 24354 | Depths:4 | Found a gate to the Realm of Zot.
 24362 | Depths:4 | Got a midnight gem with 594 turns to spare
 24364 | Zot:1    | Entered Level 1 of the Realm of Zot
 24566 | Zot:5    | Entered Level 5 of the Realm of Zot
 24566 | Zot:5    | Noticed an ancient lich
 24569 | Zot:5    | Killed an ancient lich
 24583 | Zot:5    | Noticed an orb of fire
 24583 | Zot:5    | Noticed an orb of fire
 24583 | Zot:5    | Noticed a dread lich
 24585 | Zot:5    | Noticed an orb of fire
 24586 | Zot:5    | Gained mutation: You are vulnerable to heat. (rF-) [an orb
                  | of fire]
 24589 | Zot:5    | Gained mutation: Potions are less effective at restoring
                  | your health. [an orb of fire]
 24590 | Zot:5    | Killed an orb of fire
 24594 | Zot:5    | Killed an orb of fire
 24600 | Zot:5    | Noticed an orb of fire
 24617 | Zot:5    | Killed an orb of fire
 24628 | Zot:5    | Killed an orb of fire
 24662 | Zot:5    | Noticed an orb of fire
 24663 | Zot:5    | Gained mutation: You occasionally lose the ability to read
                  | scrolls when taking damage. [an orb of fire]
 24664 | Zot:5    | Noticed an orb of fire
 24665 | Zot:5    | Noticed an orb of fire
 24665 | Zot:5    | Noticed an orb of fire
 24667 | Zot:5    | Got the Orb of Zot
 24668 | Zot:5    | Lost mutation: Potions are less effective at restoring your
                  | health. [potion of mutation]
 24668 | Zot:5    | Lost mutation: You occasionally lose the ability to read
                  | scrolls when taking damage. [potion of mutation]
 24668 | Zot:5    | Lost mutation: You are vulnerable to heat. (rF-) [potion of
                  | mutation]
 24668 | Zot:5    | Gained mutation: You do not regenerate when monsters are
                  | visible. [potion of mutation]
 24668 | Zot:5    | Gained mutation: Your skin blends seamlessly with your
                  | surroundings (Stealth++). [potion of mutation]
 24669 | Zot:5    | Lost mutation: You do not regenerate when monsters are
                  | visible. [potion of mutation]
 24669 | Zot:5    | Lost mutation: Your skin blends seamlessly with your
                  | surroundings (Stealth++). [potion of mutation]
 24669 | Zot:5    | Gained mutation: You are dopey. (Int -2) [potion of
                  | mutation]
 24692 | Zot:5    | Noticed an orb of fire
 24698 | Zot:5    | Killed an orb of fire
 24701 | Zot:5    | Gained mutation: You have hidden genetic defects. [an orb
                  | of fire]
 24702 | Zot:5    | Killed an orb of fire
 24717 | Zot:5    | Noticed an orb of fire
 24719 | Zot:5    | Gained mutation: You occasionally lose the ability to drink
                  | potions when taking damage. [an orb of fire]
 24720 | Zot:5    | Gained mutation: Your body sometimes deteriorates upon
                  | taking damage. [an orb of fire]
 25066 | D:1      | Noticed Jaiplasu the pandemonium lord
 25066 | D:1      | Noticed an ancient lich
 25071 | D:$      | Escaped with the Orb!

Illustrated notes

Levels and vault maps discovered:
D:1:      sevenhm_arrival_forest_fort_small_2, layout_basic,
          minmay_misc_feat_secret_circle, st_stairs_3
D:2:      layout_basic, dreamdust_ecumenical_altar_statues
D:3:      layout_basic, kennysheep_doodads, kennysheep_small_spiral,
          uniq_natasha
D:4:      layout_rooms, nicolae_eternal_life, serial_bayou_ford_a,
          minmay_misc_feat_alley, uniq_robin, uniq_menkaure, uniq_blork_the_orc,
          uniq_edmund
D:5:      layout_cave_pods, chequers_decorated_corner
D:6:      layout_basic, minmay_temple_entry_trees, minmay_misc_feat_encased
D:7:      layout_basic, gammafunk_temple_overflow_claw, uniq_maurice
D:8:      layout_basic, uniq_prince_ribbit1, uniq_joseph, uniq_gastronok,
          uniq_grum
D:9:      layout_roguey, nicolae_hepliaklqana_hippocampus,
          due_lair_maze_entry_diamond, david_orc_3, kennysheep_crisscross,
          glass_columns_b, nicolae_shop_clearance
D:10:     layout_basic, gammafunk_temple_overflow_pools,
          nicolae_figureground_sparkle
D:11:     layout_cave_pools, minmay_nine_imps
D:12:     layout_loops_corners
D:13:     layout_loops_ring, nicolae_trove_entry_crystal,
          gauntlet_entry_generic, tgw_sif, uniq_frances
D:14:     layout_long_grid, erik_vaults_1, chequers_mini_garden, special_room
          [special_room_orc], serial_glass, glass_columns_c, glass_columns_a,
          glass_columns_a, glass_columns_b, glass_columns_a, glass_columns_c,
          glass_columns_b, glass_columns_c, glass_columns_c, glass_columns_a,
          uniq_josephine
D:15:     grunt_enter_depths_giant_problem, layout_irregular_city,
          grunt_decor_clamped, chequers_serial_rivers_room_a, minmay_checkerbox
Lair:1:   layout_misc_corridors, lemuel_fruit_tree, grunt_megastairs_3,
          serial_bayou_shore_b
Lair:2:   layout_gridlike, alex1729_swamp_entry_worm_eleionoma,
          infiniplex_staircase_pool
Lair:3:   layout_cave_pods, minmay_snake_entry_six_corridors, basic_altar
Lair:4:   layout_cave_pods, minmay_slime_entry_eyes, uniq_nessos
Lair:5:   evil_forest, layout_long_grid, dreamdust_mushroom_princess,
          chequers_serial_rivers_small_3, grunt_megastairs_4
Swamp:1:  layout_falls_marsh, hangedman_swamp_diagram
Swamp:2:  layout_basic_swamp, evilmike_swamp_ruin_rubble_1
Swamp:3:  layout_basic_swamp, evilmike_swamp_ruin_house_4, uniq_donald
Swamp:4:  swamp_icy, layout_basic_swamp, uniq_bai_suzhen
Snake:1:  layout_misc_corridors, uniq_aizul
Snake:2:  layout_onion_interference, serial_bayou_shore_a
Snake:3:  hangedman_cross_stitches, layout_grid_maze
Snake:4:  snake_pit, layout_cave_town, drop_trap, uniq_vashnia
Slime:1:  layout_caves, cheibrodos_slime_lost_civilization_6
Slime:2:  layout_caves
Slime:3:  layout_caves
Slime:4:  layout_caves, nicolae_slime_barrier
Slime:5:  slime_pit_nicolae_jellycorners
Orc:1:    layout_diamond_mine, serial_shops, nicolae_shop_stone, shop,
          nicolae_orc_lava_room, uniq_sonja
Orc:2:    st_orc_pillars, layout_diamond_mine
Elf:1:    layout_onion_city, serial_shops, nicolae_shop_rolling_square,
          minmay_elf_annihilation, nicolae_elf_variegated_diamond
Elf:2:    nicolae_elf_blades_crystal_corner, layout_geoelf_diagonals,
          serial_shops, nicolae_shop_waterfront, dk_noncrumbling_3, uniq_roxanne
Elf:3:    elf_hall, layout_gridlike, portal_ice_cave_entry_frozen_things,
          serial_shops, bzr_entry_gold, minmay_misc_feat_pillars, uniq_zenata
Vaults:1: v_misc_19, nicolae_vaults_tetromino_T_2,
          nicolae_vaults_shipping_containers_7, nicolae_vaults_cochlea,
          nicolae_vaults_little_squares_1, nicolae_vaults_little_squares_1,
          nicolae_vaults_hexular_roomagon, nicolae_vaults_border_crossing,
          ontoclasm_vaults_eye, hangedman_vaults_slice, dpeg_vaults_monster_row,
          vaults_mumra_hex, nicolae_vaults_variable_pillar_hall_cross,
          v_misc_11, vaults_mumra_chevron, ontoclasm_vaults_tryst,
          nicolae_vaults_tetromino_Z_1, nicolae_vaults_diamond_1,
          layout_vaults_maze_snakey, serial_shops, nicolae_shop_drivethru
Vaults:2: v_misc_26, nicolae_vaults_network_s, v_misc_18,
          vaults_mumra_bighexcomb, v_misc_16, hangedman_vaults_slice,
          nicolae_vaults_trapezoid_2, hangedman_vaults_unwind, vaults_mumra_lcd,
          nicolae_vaults_tetromino_L_1, nicolae_vaults_mini_display_case,
          nicolae_vaults_gold_heap, nicolae_vaults_shelves_hall,
          nicolae_vaults_tetromino_Z_1, layout_vaults_omnicross, serial_shops,
          nicolae_shop_window_shopping
Vaults:3: nicolae_vaults_network_square, vaults_room_fancy_cross,
          minmay_crypt_entry_skeletal_spiral, hangedman_vaults_stream,
          v_misc_24, nicolae_vaults_ninety_degrees,
          nicolae_vaults_tetromino_L_1, nicolae_vaults_surprise_closet,
          layout_vaults_chaotic_city, uniq_frederick
Vaults:4: hangedman_vaults_hat, vaults_room_large_hall,
          nicolae_vaults_network_star, v_rooms_3, nicolae_vaults_house_1,
          v_alt_pattern_6, ontoclasm_vaults_decontamination,
          nicolae_vaults_six-pack, nicolae_vaults_alarming,
          nicolae_vaults_trapezoid_1, layout_vaults_omnigrid, uniq_norris
Vaults:5: uniq_xtahua, uniq_mennas
Crypt:1:  layout_misc_corridors, st_stairs_1, grunt_crypt_arrival_guarded_gate
Crypt:2:  layout_chaotic_city
Crypt:3:  lightli_unholy_cathedral, layout_chaotic_city, uniq_josephina
Tomb:1
Tomb:2
Tomb:3
Depths:1: layout_gridlike, grunt_hell_entry_dis_mu, grunt_ministairs_1,
          minmay_serpent_palace, minmay_shop_grove,
          roderic_lattice_octagonal_star
Depths:2: cheibrodos_salmonella, layout_cave_pools, rand_demon_pan_entry_7,
          hangedman_abyss_entry_splay, minivault_14, hell_entry, firewood_loft,
          infiniplex_staircase_star, uniq_grunn, uniq_vv
Depths:3: dreamdust_merry_men, layout_honeycomb, enter_ziggurat_e,
          rand_demon_pan_entry_1, minmay_misc_feat_room, abyss_entry,
          hell_entry, infiniplex_staircase_pillars_1, serial_bayou_shore_b,
          serial_bayou_shore_b
Depths:4: lemuel_castle_with_subvaults [lemuel_castle_interior_carwin_3],
          layout_honeycomb, serial_shops, statue_bzr, pf_coc_iceberg,
          uniq_sojobo
Hell
Dis:1:    layout_jigsaw, lemuel_mystery_crypt
Dis:2:    layout_gridville
Dis:3:    layout_jigsaw
Dis:4:    layout_overlapping_boxes
Dis:6:    layout_overlapping_boxes
Dis:7:    dis_hangedman
Geh:1:    nicolae_geh_erupted_tower, layout_gehenna_pools_triple
Geh:2:    layout_gehenna_pools_basic
Geh:3:    layout_gehenna_pools_box, hangedman_elemental_corridor
Geh:4:    layout_gehenna_lava_caves
Geh:5:    layout_gehenna_lava_caves
Geh:6:    layout_gehenna_pools_box, gehenna_fire_generator,
          nicolae_geh_niches_of_the_damned
Geh:7:    geh_grunt
Coc:1:    layout_ice_bergs
Coc:2:    layout_ice_bergs
Coc:3:    layout_cocytus_delve, serial_ice, serial_ice_n, serial_ice_o,
          serial_ice_h, serial_ice_g
Coc:4:    nicolae_coc_bergin, layout_ice_bergs
Coc:5:    layout_ice_bergs
Coc:6:    layout_cocytus_water_paths
Coc:7:    coc_grunt_cove [coc_grunt_cove_antaeus, coc_grunt_cove_fiend,
          coc_grunt_cove_fiend, coc_grunt_cove_fiend, coc_grunt_cove_fiend]
Tar:1:    layout_grid_maze
Tar:2:    layout_honeycomb
Tar:3:    layout_honeycomb
Tar:4:    layout_grid_maze
Tar:5:    layout_honeycomb
Tar:6:    layout_grid_maze
Tar:7:    tar_mu [tar_mu_maze]
Zot:1:    layout_misc_corridors, regret_index_zotdec_fiery_em,
          nicolae_diode_basic
Zot:2:    layout_misc_corridors, uniq_tiamat
Zot:3:    layout_basic
Zot:4:    layout_misc_corridors
Zot:5:    layout_misc_corridors

Skill      XL: |  1  2  3  4  5  6  7  8  9 10 11 12 13 14 15 16 17 18 19 20 21 22 23 24 25 26 27 |
---------------+----------------------------------------------------------------------------------+-----
Fighting       | 2 3 4 5 6 8 10 12 14 15 16 17 18 19 24 | 24.0
Unarmed Combat | 4 5 6 7 8 10 11 13 14 15 16 18 22 | 22.0
Stealth        | 1 2 5 7 21 | 21.7
Evocations     | 2 5 19 | 19.0
Dodging        | 3 4 6 7 10 11 12 13 17 | 17.8
Translocations | 1 3 4 5 8 9 |  9.0
Spellcasting   | 2 3 5 6 8 11 13 14 | 14.0
Shields        | 5 7 8 10 11 | 11.0
Ice Magic      | 5 |  5.0
Shapeshifting  | 4 10 14 16 17 | 17.3
Air Magic      | 3 4 |  4.0
Alchemy        | 1 |  1.0
Conjurations   | 1 2 4 7 |  7.2
Invocations    | 6 7 11 12 14 | 14.0
Earth Magic    | 2 3 8 13 14 | 14.5
Summonings     | 5 7 12 16 | 16.0
Necromancy     | 2 5 11 17 20 | 20.0

Action                     |  1- 3 |  4- 6 |  7- 9 | 10-12 | 13-15 | 16-18 | 19-21 | 22-24 | 25-27 || total
---------------------------+-------+-------+-------+-------+-------+-------+-------+-------+-------++-------
  Melee: Unarmed           |    31 |     5 |   178 |   446 |   839 |   743 |   682 |   713 |  2064 ||  5701
         Constrict         |     8 |     2 |    40 |    71 |   143 |   116 |    62 |    96 |   306 ||   844
         Tentacles         |     2 |     2 |    37 |   105 |   250 |   214 |   172 |   200 |   659 ||  1641
         Punch             |     1 |       |     8 |    37 |    97 |   100 |   102 |   112 |   410 ||   867
   Fire: Sling             |    17 |    55 |    29 |       |       |       |       |       |       ||   101
  Throw: Dart              |       |       |     4 |    25 |    12 |     4 |     1 |       |       ||    46
         Throwing net      |       |       |       |     2 |       |       |       |       |       ||     2
   Cast: Ozocubu's Armour  |       |       |       |    19 |    50 |    34 |    16 |    10 |     7 ||   136
         Frozen Ramparts   |       |       |       |     2 |    14 |     1 |       |       |       ||    17
         Mephitic Cloud    |       |       |       |       |     1 |     1 |       |       |       ||     2
         Passage of Golubr |       |       |       |       |       |    78 |   113 |   173 |   407 ||   771
         Passwall          |       |       |       |       |       |     3 |     4 |     6 |    40 ||    53
         Apportation       |       |       |       |       |       |    20 |    74 |    44 |    55 ||   193
         Call Canine Famil |       |       |       |       |       |       |     3 |     1 |       ||     4
         Borgnjor's Vile C |       |       |       |       |       |       |       |     2 |     9 ||    11
         Malign Gateway    |       |       |       |       |       |       |       |    12 |    91 ||   103
         Vhi's Electric Ch |       |       |       |       |       |       |       |     7 |    80 ||    87
         Blink             |       |       |       |       |       |       |       |     3 |     4 ||     7
         Spellforged Servi |       |       |       |       |       |       |       |     4 |   105 ||   109
         Bombard           |       |       |       |       |       |       |       |       |    10 ||    10
         Borgnjor's Revivi |       |       |       |       |       |       |       |       |     3 ||     3
 Invoke: Slouch            |       |       |       |       |     8 |    15 |     9 |    15 |    45 ||    92
         Step From Time    |       |       |       |       |       |       |     1 |       |    13 ||    14
         Temporal Distorti |       |       |       |       |       |       |       |       |     5 ||     5
         Bend Time         |       |       |       |       |       |       |       |       |     1 ||     1
  Evoke: Wand              |       |       |    21 |    15 |    32 |    21 |     1 |     5 |    32 ||   127
         Phantom mirror    |       |       |       |     1 |     3 |     1 |       |       |     5 ||    10
         Sack of spiders   |       |       |       |       |       |       |       |     2 |     3 ||     5
         Horn of Geryon    |       |       |       |       |       |       |       |       |     2 ||     2
         Figurine of a zig |       |       |       |       |       |       |       |       |     1 ||     1
    Use: Scroll            |       |       |     8 |     7 |    12 |    11 |    10 |     7 |    33 ||    88
         Potion            |       |       |     2 |    10 |     1 |     6 |     4 |     2 |    39 ||    64
   Stab: Sleeping          |     1 |       |     6 |    14 |     9 |     9 |     8 |    11 |    22 ||    80
         Invisible         |       |       |     1 |     6 |       |       |       |       |    11 ||    18
         Confused          |       |       |       |       |     1 |       |       |       |     1 ||     2
         Distracted        |       |       |       |       |       |     3 |     2 |     5 |    48 ||    58
         Held in net/web   |       |       |       |       |       |       |       |       |     1 ||     1
         Paralysed         |       |       |       |       |       |       |       |       |     1 ||     1
 Armour: Skin              |    12 |     4 |    78 |   228 |   310 |   349 |   332 |   492 |  1314 ||  3119
  Dodge: Dodged            |    17 |     4 |    88 |   186 |   314 |   569 |  1009 |  1414 |  3368 ||  6969
  Block: Kite shield       |       |       |       |   261 |   772 |   703 |  1103 |  1127 |  2971 ||  6937
         Buckler           |       |       |       |     1 |       |       |       |       |       ||     1
         Form:             |       |       |       |     1 |       |       |       |       |       ||     1
         Beast             |       |       |       |     1 |       |       |       |       |       ||     1
         Statue            |       |       |       |       |       |     1 |       |       |       ||     1
